 Dungeon Crawl Stone Soup version 0.16-a0-3641-g71d4c1b (webtiles) character file.

850 jacksonaction the Quickloader (level 7, 14/58 HPs)
             Began as a Deep Dwarf Hunter on Apr 14, 2015.
             Was an Initiate of Pakellas.
             Quit the game on level 5 of the Dungeon.
             The game lasted 00:30:23 (4957 turns).

jacksonaction the Quickloader (Deep Dwarf Hunter)   Turns: 4957, Time: 00:30:23

Health: 14/58      AC: 13    Str: 16    XL:     7   Next: 69%
Magic:  22/22      EV:  7    Int: 12    God:    Pakellas [......]
Gold:   273        SH:  0    Dex: 14    Spells: 0 memorised, 6 levels left

rFire  . . .     SeeInvis .     a - +3 short sword
rCold  . . .     Clarity  .     y - +0 chain mail {rPois}
rNeg   . . .     SustAb   .     (no shield)
rPois  +         Gourm    .     k - +1 helmet
rElec  .         Spirit   .     (no cloak)
rCorr  .         Warding  .     (no gloves)
rMut   .         Stasis   +     F - +0 pair of boots
MR     +....                    p - amulet of stasis
Stlth  ..........               (no ring)
                                v - ring of magical power

@: non-regenerating, somewhat resistant to hostile enchantments, extremely
unstealthy
A: damage resistance, recharge devices, sense surroundings 1, slow healing 3
a: Device Recharging, Renounce Religion


You were on level 5 of the Dungeon.
You worshipped Pakellas.
Pakellas was noncommittal.
You were hungry.

You visited 2 branches of the dungeon, and saw 6 of its levels.
You also visited: Sewer.

You collected 273 gold pieces.

Inventory:

Hand weapons
 a - a +3 short sword (weapon)
 b - a +1 hand crossbow
 D - a +0 blowgun
Missiles
 c - 11 bolts
 g - 6 javelins (quivered)
 j - 63 poisoned needles
Armour
 k - a +1 helmet (worn)
 y - a +0 chain mail of poison resistance (worn)
 F - a +0 pair of boots (worn)
Jewellery
 p - an amulet of stasis (around neck)
 s - an uncursed amulet of faith
 v - a ring of magical power (left hand)
Magical devices
 e - a wand of heal wounds (3)
 G - a wand of disintegration (14)
Scrolls
 h - 3 scrolls of remove curse
 i - 3 scrolls of recharging
 l - 2 scrolls of fear {unknown}
 o - 2 scrolls of identify
 t - 2 scrolls of fog
 w - 3 scrolls of blinking
 x - 4 scrolls of magic mapping
 C - a scroll of amnesia {unknown}
 E - a scroll of teleportation {unknown}
Potions
 d - a potion of degeneration {unknown}
 q - 5 potions of curing
 r - a potion of restore abilities {unknown}
 u - a potion of poison {unknown}
 z - 3 potions of brilliance
 A - 4 potions of heal wounds {unknown}
 B - a potion of might {unknown}
Miscellaneous
 m - a plain deck of war
Comestibles
 f - 4 bread rations
 n - 4 meat rations
 H - 3 chunks of flesh


   Skills:
 - Level 1.7 Fighting
 + Level 8.0 Crossbows
 - Level 5.0 Armour
 - Level 2.1 Dodging
 - Level 1.2 Stealth
 - Level 5.5 Evocations


You had 6 spell levels left.
You didn't know any spells.

Dungeon Overview and Level Annotations

Branches:
Dungeon (5/15)             Temple (1/1) D:4

Altars:
Ashenzari
Dithmenos
Fedhas
Nemelex Xobeh
Pakellas
Qazlal


Innate Abilities, Weirdness & Mutations

You are resistant to damage.
You can recharge devices by infusing magical energy.
You passively map a small area around you.
You do not heal naturally.


Message History

Your chain mail prevents you from hitting the orc priest.
The orc priest is moderately wounded.
The orc priest hits you but does no damage.
You hit the orc priest.
The orc priest is severely wounded.
The orc priest hits you with a falchion of protection.
* * * LOW HITPOINT WARNING * * *
You hit the orc priest but do no damage.
The orc priest is almost dead.
The orc priest looks braver.
You hit the orc priest.
The orc priest is almost dead.
You kill the orc priest!
Pakellas accepts your kill.
Your Crossbows skill increases to level 8!
j - 63 poisoned needles (gained 1)
There is a stone staircase leading down here.
Things that are here:
a falchion of protection; a leather armour; an orc corpse Are you sure you want to abandon this character and quit the game? (Confirm with "yes".)

##############
#@.........o..,,
#######.#########.#o
..............(..#
#######.###.#.#.# *
#...........#<..#,
...##......#...#.#.# *
.............#...#.#.#
......#..........#.#.#
......###†#########.#.#


There were no monsters in sight!

Vanquished Creatures
  An ogre (D:4)
  2 centaurs (D:5)
  2 giant frogs (Sewer)
  A jelly (D:3)
  An orc priest (D:5)
  3 hounds
  3 worker ants
  Terence (D:3)
  7 adders
  5 river rats
  A giant mite (D:3)
  3 worms (D:2)
  An adder skeleton (D:4)
  An ooze (D:2)
  4 orcs
  16 ball pythons
  A bat skeleton (D:4)
  3 giant cockroaches
  14 goblins
  7 hobgoblins
  10 jackals
  A quokka (D:2)
  7 bats
  2 giant geckos
  A giant gecko skeleton (D:4)
  7 giant newts
  A jackal zombie (D:5)
  10 kobolds
  35 rats
151 creatures vanquished.

Notes
Turn   | Place    | Note
--------------------------------------------------------------
     0 | D:1      | jacksonaction, the Deep Dwarf Hunter, began the quest for the Orb.
     0 | D:1      | Reached XP level 1. HP: 19/19 MP: 1/1
   138 | D:1      | Reached skill level 1 in Armour
   212 | D:1      | Reached XP level 2. HP: 26/26 MP: 2/2
   738 | D:1      | Found a sparkling altar of Nemelex Xobeh.
   810 | D:2      | Reached XP level 3. HP: 30/32 MP: 3/3
   896 | D:2      | You fall through a shaft for 2 floors!
  1130 | D:3      | Found a glowing drain.
  1139 | D:3      | Reached XP level 4. HP: 14/39 MP: 4/4
  1149 | Sewer    | Entered a sewer
  1262 | Sewer    | HP: 1/39 [river rat (3)]
  1455 | Sewer    | Reached skill level 5 in Armour
  1506 | Sewer    | Reached skill level 1 in Evocations
  1506 | Sewer    | Reached XP level 5. HP: 9/45 MP: 4/6
  1589 | Sewer    | Noticed a giant frog
  1627 | Sewer    | Killed a giant frog
  1673 | Sewer    | Noticed a giant frog
  1692 | Sewer    | Killed a giant frog
  1692 | Sewer    | Reached skill level 5 in Evocations
  1692 | Sewer    | Reached XP level 6. HP: 15/52 MP: 9/11
  2516 | D:3      | Noticed Terence
  2528 | D:3      | Killed Terence
  2528 | D:3      | Reached skill level 5 in Crossbows
  3753 | D:4      | Found a staircase to the Ecumenical Temple.
  3763 | Temple   | Entered the Ecumenical Temple
  3767 | Temple   | Became a worshipper of Pakellas the Inventive
  3820 | D:4      | Reached skill level 6 in Crossbows
  3924 | D:4      | Noticed an ogre
  3934 | D:4      | Killed an ogre
  3934 | D:4      | Reached XP level 7. HP: 36/58 MP: 13/13
  4688 | D:5      | Entered Level 5 of the Dungeon
  4762 | D:5      | Reached skill level 7 in Crossbows
  4946 | D:5      | HP: 2/58 [orc priest/nerve-wracking pain (9)]
  4954 | D:5      | Reached skill level 8 in Crossbows
  4957 | D:5      | Quit the game

Action                   |  1- 3 |  4- 6 |  7- 9 || total
-------------------------+-------+-------+-------++-------
Melee: Short sword       |    44 |   340 |    81 ||   465
 Fire: Hand crossbow     |    64 |    18 |       ||    82
       Blowgun           |       |     7 |     2 ||     9
Throw: Stone             |     6 |    46 |       ||    52
       Javelin           |       |    25 |    10 ||    35
Evoke: Wand              |       |     6 |     3 ||     9
  Use: Scroll            |       |     7 |       ||     7
  Eat: Chunk             |     1 |     9 |     3 ||    13
